 Dungeon Crawl Stone Soup version 0.20.1-1-g8b1a95d (webtiles) character file.

73 letownia2 the Grave Robber (level 4, 0/36 HPs)
             Began as a Deep Dwarf Necromancer on Nov 1, 2017.
             Slain by a hound (4 damage)
             ... on level 4 of the Dungeon.
             The game lasted 00:03:11 (998 turns).

letownia2 the Grave Robber (Deep Dwarf Necromancer)  Turns: 998, Time: 00:03:11

Health: 0/36       AC: -1    Str: 12    XL:     4   Next: 8%
Magic:  2/7        EV: 12    Int: 16    God:
Gold:   23         SH:  0    Dex: 13    Spells: 3/7 levels left

rFire    . . .     SeeInvis .   a - +0 dagger
rCold    . . .     Gourm    .   (no shield)
rNeg     . . .     Faith    .   d - +0 robe
rPois    .         Spirit   .   (no helmet)
rElec    .         Reflect  .   (no cloak)
rCorr    .         Harm     .   (no gloves)
MR       +....                  (no boots)
Stlth    ++........             (no amulet)
Regen    0.0/turn               g - ring of protection from magic
MPRegen  0.1/turn               n - -3 ring of protection (curse)

@: non-regenerating
A: damage resistance, heal wounds, sense surroundings 1, no regeneration
a: Heal Wounds


You were on level 4 of the Dungeon.
You were not hungry.

You visited 1 branch of the dungeon, and saw 4 of its levels.

You collected 23 gold pieces.

Inventory:

Hand Weapons
 a - a +0 dagger (weapon)
Armour
 d - a +0 robe (worn)
Jewellery
 g - a ring of protection from magic (left hand)
 n - a cursed -3 ring of protection (right hand)
Scrolls
 k - a scroll of teleportation {unknown}
 l - 2 scrolls of identify {unknown}
Potions
 e - a potion of heal wounds {unknown}
 h - a potion of curing {unknown}
 i - a potion of lignification {unknown}
 j - a potion of brilliance {unknown}
 o - 2 potions of haste {unknown}
Books
 b - a book of Necromancy

   Spells                             Type                      Level
   a - Pain                           Necromancy                   1
   b - Animate Skeleton               Necromancy                   1
   c - Vampiric Draining              Necromancy                   3
   d - Regeneration                   Charms/Necromancy            3
   e - Animate Dead                   Necromancy                   4
   f - Control Undead                 Necromancy                   4
Comestibles
 c - a bread ration
 f - 3 fruits
 m - a chunk of flesh


   Skills:
 - Level 2.1 Dodging
 - Level 2.4 Stealth
 - Level 2.4 Spellcasting
 + Level 5.7 Necromancy


You had 3 spell levels left.
You knew the following spells:

 Your Spells              Type           Power        Failure   Level  Hunger
a - Pain                  Necr           ###.         1%          1    #......
v - Vampiric Draining     Necr           ###.......   5%          3    ###....


Dungeon Overview and Level Annotations

Branches:
Dungeon (4/15)
 Temple: D:4-7

Altars:
Ashenzari
Makhleb
Nemelex Xobeh
Uskayaw
Vehumet

Annotations:
D:4 exclusion: skeleton, letownia2's ghost, weakling DDNe


Innate Abilities, Weirdness & Mutations

You are resistant to damage.
You can heal yourself by infusing magical energy.
You passively map a small area around you.
You do not regenerate.


Message History

Beogh smites you!
* * * LOW HITPOINT WARNING * * *
The orc priest miscasts a cantrip.
The orc closely misses you.
You see here a mace.
A hound comes into view.
The hound barks!
Found a ring of protection from magic and 7 gold pieces.
Found a burning altar of Makhleb.
The hound bites you.
* * * LOW HITPOINT WARNING * * *
There is an open door here.
Unknown command.
The hound closely misses you. The hound misses you. The hound misses you.
The hound bites you.
* * * LOW HITPOINT WARNING * * *
The hound bites you.
You die...

#..#.....#####.###.#
#......o..oo.#.###.#
∩_....#'####.#.....#
#....##.# #.####..#
.*#...o####o#.....#
*####....#....##(#
#....##.###..##.#
######.#####.o.#...^.#
.......#######.#@#####
.......'.......h.#
.......#######...##
######## #.....#
#.##..# #.....#
#####.## ###...###
#..._...#


You could see a hound.

Vanquished Creatures
  A howler monkey (D:3)
  An adder (D:3)
  2 leopard geckos
  3 orcs
  A bat (D:3)
  3 goblins
  A hobgoblin (D:3)
  4 kobolds
  A quokka (D:4)
  3 frilled lizards
  3 rats
23 creatures vanquished.

Notes
Turn   | Place    | Note
-------+----------+-------------------------------------------
     0 | D:1      | letownia2 the Deep Dwarf Necromancer began the quest for the Orb.
     0 | D:1      | Reached XP level 1. HP: 15/15 MP: 3/3
   262 | D:3      | Reached XP level 2. HP: 22/22 MP: 0/5
   350 | D:3      | Found a sparkling altar of Nemelex Xobeh.
   385 | D:4      | Found a hide-covered altar of Uskayaw.
   385 | D:4      | Found a radiant altar of Vehumet.
   385 | D:4      | Found a shattered altar of Ashenzari.
   499 | D:4      | Noticed letownia2's ghost (weakling DDNe)
   569 | D:3      | Reached skill level 5 in Necromancy
   569 | D:3      | Reached XP level 3. HP: 28/28 MP: 2/6
   575 | D:3      | Learned a level 3 spell: Vampiric Draining
   713 | D:3      | Reached XP level 4. HP: 25/36 MP: 0/7
   988 | D:4      | Found a burning altar of Makhleb.
   998 | D:4      | Slain by a hound

Skill      XL: |  1  2 |
---------------+-------+-----
Spellcasting   | 2 |  2.4
Necromancy     | 5 |  5.7
Dodging        | |  2.1
Stealth        | |  2.4

Action                   |  1- 3 |  4- 6 || total
-------------------------+-------+-------++-------
Melee: Unarmed           |     7 |       ||     7
       Dagger            |     1 |     2 ||     3
 Cast: Pain              |    38 |     8 ||    46
       Vampiric Draining |       |     2 ||     2
 Stab: Sleeping          |     1 |       ||     1
  Eat: Chunk             |       |     1 ||     1
Armor: Robe              |     2 |       ||     2
Dodge: Dodged            |     9 |    10 ||    19
